 Dungeon Crawl Stone Soup version 0.20.0 (webtiles) character file.

1526 Danakh the Cleaver (level 8, -2/71 HPs)
             Began as a Minotaur Fighter on May 31, 2017.
             Was a Believer of Ashenzari.
             Slain by a bullfrog (8 damage)
             ... on level 5 of the Dungeon.
             The game lasted 00:11:18 (5344 turns).

Danakh the Cleaver (Minotaur Fighter)               Turns: 5344, Time: 00:11:19

Health: -2/71      AC:  1    Str: 23    XL:     8   Next: 55%
Magic:  7/7        EV:  6    Int:  5    God:    Ashenzari [**....]
Gold:   330        SH: 10    Dex: 10    Spells: 7/7 levels left

rFire    + . .     SeeInvis .   a - +0 war axe
rCold    . . .     Gourm    .   c - +0 shield
rNeg     . . .     Faith    .   B - +0 chain mail
rPois    .         Spirit   .   (helmet restricted)
rElec    .         Reflect  .   (no cloak)
rCorr    .         Harm     .   v - +0 pair of gloves
MR       .....                  t - +0 pair of boots
Stlth    ..........             (no amulet)
Regen    0.3/turn               y - ring of protection from fire
MPRegen  0.1/turn               (no ring)

@: lethally poisoned (-2 -> -6), corroded
A: retaliatory headbutt, horns 2
a: Curse Item, Scrying, Renounce Religion


You were on level 5 of the Dungeon.
You worshipped Ashenzari.
Ashenzari was pleased with you.
You were hungry.

You visited 1 branch of the dungeon, and saw 6 of its levels.

You collected 330 gold pieces.

Inventory:

Hand Weapons
 a - a +0 war axe (weapon)
Armour
 c - a +0 shield (worn)
 t - a +0 pair of boots (worn)
 v - a +0 pair of gloves (worn)
 B - a +0 chain mail (worn)
Jewellery
 y - a ring of protection from fire (left hand)
Scrolls
 e - 2 scrolls of immolation {unknown}
 g - 14 scrolls of identify {unknown}
 h - 6 scrolls of teleportation {unknown}
 k - 3 scrolls of magic mapping {unknown}
 m - 2 scrolls of recharging {unknown}
 o - a scroll of remove curse
 s - 2 scrolls of fear {unknown}
 A - a scroll of silence {unknown}
Potions
 d - 2 potions of might
 i - 3 potions of agility {unknown}
 n - a potion of haste {unknown}
 p - 2 potions of flight {unknown}
 q - a potion of degeneration {unknown}
 r - 2 potions of curing {unknown}
 u - 2 potions of lignification {unknown}
 w - a potion of mutation {unknown}
 z - a potion of cancellation {unknown}
Comestibles
 f - 5 bread rations
 j - a royal jelly
 l - 2 meat rations
 x - 8 fruits


   Skills:
 + Level 6.7 Fighting
 * Level 8.4 Axes
 + Level 6.9 Armour
 + Level 6.8 Shields


You had 7 spell levels left.
You didn't know any spells.

Dungeon Overview and Level Annotations

Branches:
Dungeon (6/15)
 Temple: D:4-7

Altars:
Ashenzari
Dithmenos
Fedhas
Hepliaklqana
Kikubaaqudgha
Okawaru
Qazlal
Xom

Shops:
D:6 =


Innate Abilities, Weirdness & Mutations

You reflexively headbutt those who attack you in melee.
You have a pair of horns on your head.


Message History

You climb upwards.
There is a stone staircase leading down here.
You hit the jelly but do no damage.
Your hands burn!
The jelly is almost dead.
You barely miss the worker ant. You hit the bullfrog.
You block the bullfrog's attack. The worker ant bites you.
* * * LOW HITPOINT WARNING * * *
You are poisoned.
The worker ant poisons you! You block the jelly's attack.
The worker ant waves its antennae.
The worker ant bites you.
* * * LOW HITPOINT WARNING * * *
You are more poisoned.
The worker ant poisons you! The bullfrog barely misses you.
You feel sick. You block the jelly's attack.
You feel sick. The bullfrog hits you.
* * * LOW HITPOINT WARNING * * *
You feel sick.
You feel sick. The bullfrog hits you!
You die...

.# ##+## #........# #.# .#
##...## #.####...# #####.### .#
##.....## #........# #.......#
.###.......###.##.##..# #........
###.........##.#....>.###.>##....
..+.........'................†...
###.........##.#..J#.####..##....
##.......###.#aF##.# #..##.#.#
##.....## #..@....# #........
##...## ###.##### #.......# ##'##
#.# #####.### #######.# #.# #.#
........# ### #.# #.#
######..###.## #.# #.#
######...#.#.###.# #.#
##.##.....#......# #.#
..#.##...#...##### #.#


You could see a bullfrog, a jelly and a worker ant.

Vanquished Creatures
  A water moccasin (D:5)
  Duvessa (D:4)
  An ice beast (D:6)
  A sky beast (D:5)
  An orc warrior (D:5)
  A necrophage (D:6)
  A bullfrog (D:6)
  Dowan (D:4)
  A scorpion (D:5)
  A howler monkey (D:5)
  A crimson imp (D:5)
  3 hounds
  2 jellies (D:6)
  3 orc priests (D:6)
  A bullfrog skeleton (D:5)
  5 orc wizards
  Jessica (D:2)
  Natasha (thrice) (D:4)
  2 worker ants
  A hound skeleton (D:5)
  A worker ant zombie (D:6)
  3 gnolls (D:3)
  3 adders
  An adder skeleton (D:5)
  2 worms (D:2)
  A dart slug (D:2)
  2 leopard geckos (D:2)
  10 orcs
  A ball python (D:4)
  4 giant cockroaches
  5 goblins
  7 hobgoblins
  14 jackals
  2 quokkas
  7 bats
  5 frilled lizards
  A giant cockroach zombie (D:5)
  7 kobolds
  A quokka skeleton (D:5)
  10 rats
119 creatures vanquished.

Notes
Turn   | Place    | Note
-------+----------+-------------------------------------------
     0 | D:1      | Danakh the Minotaur Fighter began the quest for the Orb.
     0 | D:1      | Reached XP level 1. HP: 19/19 MP: 0/0
   432 | D:1      | Reached XP level 2. HP: 27/27 MP: 1/1
   768 | D:2      | Reached skill level 3 in Axes
   810 | D:2      | Found a shadowy altar of Dithmenos.
   839 | D:2      | Reached XP level 3. HP: 16/33 MP: 2/2
  1086 | D:2      | Found a faded altar of an unknown god.
  1261 | D:2      | Became a worshipper of Ashenzari the Shackled
  1261 | D:2      | Reached * piety under Ashenzari
  1493 | D:2      | Found a hazy altar of Hepliaklqana.
  1570 | D:2      | Noticed Jessica
  1581 | D:2      | Killed Jessica
  1581 | D:2      | Reached XP level 4. HP: 31/40 MP: 3/3
  1809 | D:3      | Reached skill level 4 in Axes
  2043 | D:3      | Found an iron altar of Okawaru.
  2363 | D:4      | Noticed Duvessa
  2365 | D:4      | Noticed Dowan
  2371 | D:4      | Reached XP level 5. HP: 46/47 MP: 4/4
  2387 | D:4      | Killed Duvessa
  2387 | D:4      | Reached skill level 5 in Axes
  2387 | D:4      | Reached skill level 5 in Shields
  2387 | D:4      | Reached XP level 6. HP: 37/55 MP: 5/5
  2404 | D:4      | Killed Dowan
  2404 | D:4      | Reached skill level 5 in Fighting
  2433 | D:4      | Reached skill level 5 in Armour
  2918 | D:4      | Noticed Natasha
  2923 | D:4      | Killed Natasha
  3041 | D:4      | Noticed Natasha
  3055 | D:4      | Killed Natasha
  3446 | D:4      | Noticed Natasha
  3451 | D:4      | Killed Natasha
  3465 | D:4      | Found an ancient bone altar of Kikubaaqudgha.
  3467 | D:4      | Found a blossoming altar of Fedhas.
  3591 | D:4      | Reached ** piety under Ashenzari
  3669 | D:5      | Entered Level 5 of the Dungeon
  3729 | D:5      | Noticed an orc warrior
  3744 | D:5      | Killed an orc warrior
  3744 | D:5      | Reached skill level 6 in Axes
  3744 | D:5      | Reached XP level 7. HP: 16/61 MP: 6/6
  4044 | D:5      | Found a stormy altar of Qazlal.
  4240 | D:5      | Found a shimmering altar of Xom.
  4554 | D:5      | Reached skill level 7 in Axes
  4977 | D:6      | Reached XP level 8. HP: 70/70 MP: 7/7
  5008 | D:6      | Found Vabod's Jewellery Shoppe.
  5032 | D:6      | Reached skill level 8 in Axes
  5344 | D:5      | Slain by a bullfrog

Skill      XL: |  1  2  3  4  5  6  7  8 |
---------------+-------------------------+-----
Axes           | 3 4 5 6 7 8 |  8.4
Shields        | 4 5 6 |  6.8
Fighting       | 4 5 6 |  6.7
Armour         | 4 5 6 |  6.9

Action                   |  1- 3 |  4- 6 |  7- 9 || total
-------------------------+-------+-------+-------++-------
Melee: War axe           |    81 |   149 |   131 ||   361
       Headbutt          |     8 |    22 |    20 ||    50
  Eat: Chunk             |     2 |     6 |     6 ||    14
Armor: Scale mail        |    40 |    59 |     9 ||   108
       Chain mail        |       |       |    63 ||    63
Dodge: Dodged            |    21 |    44 |    40 ||   105
Block: Shield            |    36 |    89 |    71 ||   196
